Map: Equilibrium LE

Players

SubN

  • Race: Zerg Zerg
  • League: Diamond
  • Spawn Location: 11:00

MrFrati - Winner!

  • Race: Protoss Protoss
  • League: Diamond
  • Spawn Location: 1:00

VOD

Have the link to the VOD?

Description

Time

  • Played on: Dec. 23, 2023, 10:45 p.m.
  • Length: 13:49
Show
View Real Time Build Order
Export as new Build Order

SubN Zerg 

Build Orders: Hatch First, Brood Lord Corruptor 

Get SALT Encoding   

  12  0:00  Drone  
  13  0:12  Overlord  
  13  0:20  Drone  
  14  0:30  Drone x2  
  14  0:34  Drone  
  17  0:52  Hatchery  
  16  0:57  Drone  
  16  0:59  Drone  
  16  1:02  Extractor  
  17  1:16  Spawning Pool  
  16  1:19  Drone  
  16  1:22  Drone  
  18  1:35  Drone  
  18  1:38  Drone  
  20  2:03  Queen  
  20  2:04  Queen  
  24  2:09  Metabolic Boost  
  24  2:12  Overlord  
  24  2:19  Drone x3  
  24  2:21  Drone  
  28  2:32  Drone x2  
  30  2:38  Drone  
  31  2:46  Queen  
  33  2:53  Hatchery  
  33  2:58  Overlord  
  32  3:01  Overlord  
  32  3:04  Overlord  
  32  3:08  Drone x2  
  32  3:10  Drone  
  35  3:19  Drone x4  
  40  3:20  Drone  
  40  3:26  Queen  
  42  3:31  Zergling x4  
  42  3:33  Zergling x2  
  42  3:34  Zergling x2  
  46  3:47  Extractor  
  46  3:48  Drone x3  
  46  3:49  Drone, Extractor  
  46  3:52  Extractor  
  46  3:54  Drone x2  
  49  3:56  Drone  
  49  3:59  Drone  
  49  4:00  Drone x2  
  53  4:04  Queen  
  53  4:06  Drone x2  
  57  4:11  Queen  
  57  4:25  Lair  
  57  4:39  Spore Crawler  
  57  4:40  Spore Crawler  
  57  4:42  Spore Crawler  
  57  4:44  Queen  
  56  5:00  Drone  
  56  5:02  Overlord x4  
  57  5:09  Overlord x2  
  57  5:19  Queen  
  59  5:26  Drone x2  
  59  5:27  Spire  
  60  5:34  Drone x13  
  73  5:42  Extractor  
  72  5:56  Drone  
  72  5:57  Drone  
  74  5:58  Baneling Nest, Drone x2  
  74  6:00  Drone x9  
  74  6:04  Extractor  
  83  6:21  Drone  
  83  6:39  Zerg Flyer Weapons Level 1  
  83  6:40  Overlord x3  
  83  6:41  Overlord  
  83  6:48  Drone  
  83  6:53  Overlord x2  
  83  6:54  Overlord  
  84  7:05  Overseer, Hatchery  
  84  7:06  Overseer  
  83  7:16  Corruptor  
  83  7:17  Corruptor x14  
  113  7:25  Drone  
  113  7:27  Infestation Pit  
  114  7:37  Drone x8  
  121  7:53  Overseer  
  121  7:57  Overlord x2  
  121  7:59  Zergling x4  
  121  8:00  Zergling x8  
  127  8:14  Corruptor  
  127  8:15  Corruptor x7  
  127  8:17  Extractor  
  127  8:19  Drone x3  
  145  8:20  Extractor  
  145  8:21  Drone x2  
  145  8:22  Drone  
  145  8:23  Queen  
  147  9:01  Hatchery  
  146  9:04  Drone x5  
  146  9:05  Drone  
  146  9:06  Extractor  
  146  9:07  Hive  
  146  9:08  Zerg Flyer Weapons Level 2  
  151  9:12  Overlord  
  151  9:13  Overlord x4, Spire  
  150  9:32  Drone  
  150  9:34  Overlord x3  
  150  9:35  Overseer  
  151  9:46  Drone x2  
  151  9:47  Overlord  
  151  9:48  Overlord  
  151  9:50  Hatchery  
  152  10:21  Queen  
  154  10:40  Greater Spire  
  154  10:42  Viper x4  
  154  10:44  Viper  
  154  10:46  Overseer  
  154  10:47  Overseer  
  169  10:52  Zergling x18  
  169  10:53  Zergling x12  
  169  10:57  Queen  
  184  10:58  Queen  
  184  11:00  Drone x2  
  184  11:01  Drone  
  184  11:03  Drone  
  192  11:07  Drone x3  
  192  11:09  Drone x2, Unknown  
  192  11:10  Drone  
  197  11:11  Queen  
  199  11:27  Extractor  
  183  11:51  Brood Lord  
  183  11:52  Brood Lord x6  
  183  11:53  Brood Lord  
  199  12:11  Drone  
  200  12:30  Evolution Chamber  
  200  12:32  Evolution Chamber  
  189  13:03  Drone x3  
  189  13:05  Drone  
Show
View Real Time Build Order
Export as new Build Order

MrFrati Protoss - Winner!

Build Orders: Carriers 

Get SALT Encoding   

  12  0:00  Probe  
  13  0:12  Probe  
  14  0:19  Pylon  
  14  0:24  Probe  
  15  0:37  Probe  
  15  0:40  Gateway  
  16  0:47  Assimilator  
  16  0:49  Probe (Chrono Boost)  
  17  0:59  Probe (Chrono Boost)  
  18  1:04  Pylon, Probe (Chrono Boost)  
  19  1:16  Probe (Chrono Boost)  
  20  1:22  Assimilator  
  20  1:28  Probe (Chrono Boost)  
  20  1:30  Cybernetics Core  
  21  1:35  Probe (Chrono Boost)  
  21  1:42  Probe  
  22  1:54  Probe  
  23  2:04  Nexus  
  23  2:07  Probe  
  24  2:16  Adept  
  24  2:19  Probe  
  27  2:23  Warp Gate  
  27  2:31  Gateway  
  27  2:42  Stargate  
  27  2:46  Shield Battery  
  27  2:51  Adept  
  29  3:00  Pylon  
  29  3:03  Probe  
  30  3:15  Probe  
  30  3:19  Stalker  
  33  3:23  Probe  
  34  3:27  Probe  
  35  3:35  Probe  
  35  3:37  Void Ray (Chrono Boost)  
  35  3:39  Probe  
  41  3:47  Probe  
  42  3:51  Probe  
  42  3:53  Pylon  
  43  3:59  Probe  
  44  4:03  Fleet Beacon  
  44  4:06  Probe  
  45  4:11  Stalker  
  47  4:19  Adept  
  49  4:36  Probe x2  
  55  4:41  Void Ray  
  55  4:48  Probe x2  
  57  4:59  Assimilator  
  57  5:00  Probe x2  
  57  5:01  Assimilator  
  59  5:12  Probe x2  
  61  5:20  Pylon  
  61  5:24  Probe  
  61  5:25  Pylon  
  62  5:28  Stargate  
  62  5:30  Stargate  
  62  5:38  Probe x2  
  64  5:46  Carrier  
  70  5:50  Probe x2  
  72  6:01  Forge  
  72  6:04  Nexus  
  72  6:05  Pylon  
  72  6:09  Pylon  
  72  6:11  Protoss Air Weapons Level 1 (Chrono Boost)  
  72  6:18  Probe x2  
  74  6:30  Probe x2  
  76  6:42  Probe  
  76  6:43  Probe  
  76  6:45  Shield Battery  
  78  6:48  Shield Battery  
  78  6:51  Photon Cannon x2  
  79  6:54  Probe  
  79  6:55  Probe, Photon Cannon  
  79  6:57  Photon Cannon  
  79  6:58  Carrier  
  86  7:02  Carrier  
  86  7:06  Probe  
  86  7:07  Probe  
  94  7:13  Protoss Shields Level 1  
  94  7:18  Probe  
  94  7:19  Probe, Carrier  
  94  7:21  Probe  
  103  7:30  Probe  
  103  7:35  Probe x2  
  106  7:37  Assimilator  
  106  7:41  Assimilator  
  106  7:45  Probe  
  106  7:46  Pylon, Shield Battery  
  106  7:47  Probe x2  
  106  7:50  Pylon  
  109  7:57  Stargate  
  109  7:58  Stargate  
  109  8:01  Pylon  
  109  8:12  Carrier  
  115  8:14  Nexus  
  115  8:16  Pylon  
  115  8:23  Probe  
  115  8:24  Probe x2  
  118  8:35  Probe  
  118  8:36  Probe x2  
  118  8:38  Carrier  
  118  8:39  Carrier  
  133  8:47  Probe  
  133  8:48  Probe  
  135  9:00  Shield Battery  
  135  9:02  Shield Battery  
  135  9:03  Photon Cannon  
  135  9:04  Photon Cannon  
  135  9:05  Probe x3  
  135  9:06  Pylon  
  138  9:14  Stargate  
  138  9:16  Stargate  
  138  9:17  Gateway, Probe x3  
  138  9:19  Unknown  
  138  9:21  Gateway  
  141  9:29  Probe x2, Carrier  
  149  9:31  Protoss Ground Weapons Level 1  
  149  9:41  Protoss Air Weapons Level 2 (Chrono Boost)  
  149  9:43  Twilight Council  
  149  10:00  Nexus  
  149  10:02  Pylon  
  149  10:04  Pylon  
  149  10:25  Carrier x2  
  161  10:37  Carrier  
  161  10:38  Shield Battery  
  161  10:39  Shield Battery  
  161  10:41  Shield Battery, Carrier x2  
  161  10:42  Photon Cannon x2  
  161  10:45  Photon Cannon  
  161  10:47  Photon Cannon  
  161  10:49  Pylon  
  179  10:58  Carrier  
  179  11:01  Carrier  
  179  11:08  Pylon  
  191  11:30  Assimilator  
  189  11:33  Assimilator  
  188  11:50  Carrier x2  
  200  12:25  Stargate, Nexus  
  200  12:27  Stargate  
  200  12:28  Pylon  
  200  12:31  Pylon  
  200  12:32  Stargate  
  200  12:35  Stargate  
  200  12:37  Gateway  
  200  12:38  Gateway  
Tags
 
Add a new tag
Caveats
  • Supply blocks, unpowered buildings, or Contaminate may cause inaccurate times.
  • Supply counts are checked every 10 seconds.